 Dungeon Crawl Stone Soup version 0.28.0-43-g3370ac3207 (webtiles) character file.

Game seed: 9922020295653679310

396 tizbic2 the Grave Robber (level 6, 0/45 HPs)
             Began as a Ghoul Necromancer on Mar 4, 2022.
             Slain by an orc wizard
             ... wielding a +0 dagger
              (4 damage)
             ... on level 4 of the Dungeon.
             The game lasted 00:18:40 (3778 turns).

tizbic2 the Grave Robber (Ghoul Necromancer)        Turns: 3778, Time: 00:18:41

Health: 0/45       AC:  6    Str: 12    XL:     6   Next: 82%
Magic:  9/9        EV: 10    Int: 12    God:
Gold:   128        SH:  0    Dex:  9    Spells: 5/10 levels left

rFire   . . .      SeeInvis .   f - staff of death
rCold   + . .      Faith    .   (no shield)
rNeg    + + +      Spirit   .   i - +1 ring mail
rPois   ∞          Reflect  .   (no helmet)
rElec   .          Harm     .   (no cloak)
rCorr   .          Rampage  .   (no gloves)
Will    .....                   (no boots)
Stlth   ..........              (no amulet)
HPRegen 0.00/turn               (no ring)
MPRegen 0.11/turn               (no ring)

@: silenced, inhibited regen
A: claws 1, cold resistance 1, negative energy resistance 3, inhibited
regeneration, torment resistance 2
a: no special abilities


You were on level 4 of the Dungeon.
You visited 1 branch of the dungeon, and saw 4 of its levels.

You collected 128 gold pieces.

Inventory:

Missiles
 c - 2 poisoned darts
Armour
 a - a +0 robe
 i - a +1 ring mail (worn)
 k - a +0 scale mail
Magical Staves
 f - a staff of death (weapon)
Jewellery
 l - a ring of protection from cold
Wands
 j - a wand of polymorph (16)
Scrolls
 g - a scroll of identify
 p - 2 scrolls of teleportation {unknown}
Potions
 b - a potion of degeneration {unknown}
 d - a potion of curing
 e - a potion of mutation {unknown}
 m - a potion of attraction {unknown}
 n - a potion of haste {unknown}
 o - a potion of invisibility {unknown}


   Skills:
 * Level 3.0 Staves
 - Level 1.7 Dodging
 - Level 2.1 Stealth
 - Level 1.3 Unarmed Combat
 + Level 2.8 Spellcasting
 * Level 5.8 Necromancy
 + Level 1.7 Evocations


You had 5 spell levels left.
You knew the following spells:

 Your Spells              Type           Power      Damage    Failure   Level
a - Pain                  Necr           92%        1d8       5%          1
b - Vampiric Draining     Necr           23%        2d7       16%         3
c - Animate Skeleton      Necr           46%        N/A       5%          1

Your spell library contained the following spells:

 Spells                   Type           Power      Damage    Failure   Level
 Animate Dead             Necr           11%        N/A       45%         4
 Agony                    Necr           23%        N/A       82%         5


Dungeon Overview and Level Annotations

Branches:
Dungeon (4/15)
 Temple: D:4-7

Altars:
Nemelex Xobeh
Wu Jian


Innate Abilities, Weirdness & Mutations

You thrive by killing the living.
You are immune to poison.
You have sharp fingernails.
Your flesh is cold resistant. (rC+)
You are immune to negative energy. (rN+++)
You do not regenerate when monsters are visible.
You are immune to unholy pain and torment.


Message History

Something hits you but does no damage.
The orc wizard hits you with a +0 spear.
* * * LOW HITPOINT WARNING * * *
You feel better. Something hits you but does no damage.
The orc wizard hits you with a +0 spear.
* * * LOW HITPOINT WARNING * * *
You hit the orc wizard.
The orc wizard is lightly wounded.
An orc wizard appears from thin air!
Reactivating autopickup.
The orc wizard hits you but does no damage.
The orc wizard barely misses you.
You barely miss the orc wizard.
The orc wizard is moderately wounded.
The orc wizard misses you. The orc wizard barely misses you.
You hit the orc wizard.
The orc wizard is heavily wounded.
The orc wizard hits you with a +0 dagger.
* * * LOW HITPOINT WARNING * * *
The orc wizard hits you with a +0 spear.
* * * LOW HITPOINT WARNING * * *
You hit the orc wizard.
You claw the orc wizard, but do no damage.
The orc wizard is severely wounded.
The orc wizard hits you but does no damage. x2
You barely miss the orc wizard.
The orc wizard is severely wounded.
The orc wizard barely misses you.
The orc wizard hits you but does no damage.
The orc wizard barely misses you.
You closely miss the orc wizard.
The orc wizard is severely wounded.
The orc wizard misses you.
The orc wizard hits you but does no damage.
You hit the orc wizard.
The orc wizard is severely wounded.
The orc wizard hits you with a +0 spear.
* * * LOW HITPOINT WARNING * * *
The orc wizard hits you with a +0 dagger.
You die...

####..#....###..............P...#
.######....##.#.........P...P[..#
..#####.....#.........P.♣♣♣♣...##
...##................ ♣♣♣P #
♣..##..............# ♣P..
P..................# # P..
....#...#..........##.## ...
P#.######............... .. ####
#......o@..#... #
##......o....... #
##.....##.#.... .. # ##......###
... ... ##.......#### ##....
##...........##......
##....##..##..........
##..........##........<
###..........####.....#..


You could see 2 orc wizards.

Vanquished Creatures
  A black bear (D:4)
  A scorpion (D:4)
  Natasha (thrice) (D:2)
  Terence (D:2)
  A hound skeleton (D:4)
  4 gnolls (D:3)
  An adder (D:2)
  An adder skeleton (D:4)
  3 orcs
  13 ball pythons
  5 bats
  6 endoplasms
  8 giant cockroaches
  6 hobgoblins
  3 quokkas
  4 frilled lizards
  7 goblins
  10 kobolds
  6 rats
84 creatures vanquished.

Vanquished Creatures (others)
  7 plants (D:4)
7 creatures vanquished.

Grand Total: 91 creatures vanquished

Notes
Turn   | Place    | Note
-------+----------+-------------------------------------------
     0 | D:1      | tizbic2 the Ghoul Necromancer began the quest for the Orb.
     0 | D:1      | Reached XP level 1. HP: 14/14 MP: 2/2
   138 | D:1      | Reached XP level 2. HP: 20/20 MP: 1/3
   173 | D:1      | Reached skill level 1 in Unarmed Combat
   813 | D:1      | Reached XP level 3. HP: 26/26 MP: 1/4
   863 | D:1      | Identified a scroll of acquirement
   863 | D:1      | Acquired a staff of death
   962 | D:1      | Learned a level 3 spell: Vampiric Draining
  1049 | D:2      | Found a faded altar of an unknown god.
  1167 | D:2      | Noticed Natasha
  1178 | D:2      | Killed Natasha
  1179 | D:2      | Reached skill level 1 in Staves
  1179 | D:2      | Reached XP level 4. HP: 25/33 MP: 6/6
  1311 | D:2      | Noticed Natasha
  1317 | D:2      | Killed Natasha
  1318 | D:2      | Reached skill level 5 in Necromancy
  1341 | D:2      | Noticed Natasha
  1477 | D:2      | Killed Natasha
  1478 | D:2      | Reached XP level 5. HP: 21/38 MP: 0/7
  1694 | D:2      | Noticed Terence
  1712 | D:2      | Killed Terence
  1713 | D:2      | Reached skill level 1 in Evocations
  2303 | D:3      | Learned a level 1 spell: Animate Skeleton
  3358 | D:4      | Found a sparkling altar of Nemelex Xobeh.
  3365 | D:4      | Found an ornate altar of the Wu Jian Council.
  3372 | D:4      | Noticed a black bear
  3384 | D:4      | Killed a black bear
  3385 | D:4      | Reached XP level 6. HP: 45/45 MP: 0/9
  3770 | D:4      | HP: 2/45 [orc wizard/+0 spear (3)]
  3778 | D:4      | Slain by an orc wizard

Illustrated notes

Levels and vault maps discovered:
D:1:      lemuel_arrival_behind_the_door_large, layout_loops_ring
D:2:      layout_loops_ring, nicolae_ecumenical_snake_handling, uniq_natasha,
          uniq_terence
D:3:      layout_basic, minmay_vboxes
D:4:      layout_cave_pools, nicolae_overflow_squiral, serial_forest,
          infiniplex_forest_lined_room_2, infiniplex_forest_clump_cross,
          infiniplex_forest_end_2, infiniplex_forest_zigzag_2,
          infiniplex_forest_lined_room_3, infiniplex_forest_lined_4_way,
          infiniplex_forest_clump_curved, serial_park_tiny_pond

Skill      XL: |  1  2  3  4  5  6 |
---------------+-------------------+-----
Unarmed Combat | 1 |  1.3
Spellcasting   | 2 |  2.8
Staves         | 1 2 3 |  3.0
Necromancy     | 5 |  5.8
Evocations     | 1 |  1.7
Dodging        | |  1.7
Stealth        | |  2.1

Action                   |  1- 3 |  4- 6 || total
-------------------------+-------+-------++-------
Melee: Unarmed           |    48 |       ||    48
       Staff             |    32 |   153 ||   185
       Punch             |       |     2 ||     2
Throw: Dart              |       |     1 ||     1
 Cast: Pain              |    40 |    39 ||    79
       Vampiric Draining |     1 |     8 ||     9
       Animate Skeleton  |       |     2 ||     2
  Use: Scroll            |     1 |     6 ||     7
       Potion            |       |     1 ||     1
 Stab: Sleeping          |       |     1 ||     1
Armor: Robe              |    14 |       ||    14
       Ring mail         |     1 |    67 ||    68
Dodge: Dodged            |    55 |    89 ||   144
